 Seeded DCSS version 0.28-a0-1190-g77e1c55843 (webtiles) character file.

Game seed: 4018878354053487559 (custom seed)

728 croobank the Bolt Thrower (level 7, 0/57 HPs)
             Began as a Minotaur Hunter on Dec 18, 2021.
             Slain by a gnoll sergeant (7 damage)
             ... on level 5 of the Dungeon.
             The game lasted 00:54:34 (5141 turns).

croobank the Bolt Thrower (Minotaur Hunter)         Turns: 5141, Time: 00:54:35

Health: 0/57       AC: 14    Str: 14 (16) XL:     7   Next: 44%
Magic:  10/10      EV:  5    Int:  8 (10) God:
Gold:   74         SH:  0    Dex: 10 (11) Spells: 11/12 levels left

rFire   . . .      SeeInvis .   a - +2 whip (freeze)
rCold   . . .      Faith    .   (no shield)
rNeg    . . .      Spirit   .   q - +0 scale mail
rPois   .          Reflect  .   (helmet restricted)
rElec   .          Harm     .   h - +0 cloak
rCorr   .          Rampage  .   e - +2 pair of gloves
Will    .....                   (no boots)
Stlth   ..........              (no amulet)
HPRegen 0.19/turn               m - +4 ring of protection
MPRegen 0.12/turn               (no ring)

@: about to teleport, weak-willed, held
A: horns 2, retaliatory headbutt, hooves 1, sense surroundings 1, MP-powered
wands
a: no special abilities


You were on level 5 of the Dungeon.
You visited 2 branches of the dungeon, and saw 6 of its levels.

You collected 122 gold pieces.
You spent 48 gold pieces at shops.

Inventory:

Hand Weapons
 a - a +2 whip of freezing (weapon)
 b - the +12 arbalest of the Nine Lives {elec, rPois Dex-3 Stlth+}
   (You found it on level 5 of the Dungeon)

   Any ammunition fired from it occasionally discharges a powerful burst of
   electricity upon striking a foe.
   Dex:       It affects your dexterity (-3).
   rPois:     It protects you from poison.
   Stlth:     It makes you more stealthy.
 c - the +5 hunting sling "Gegyrirghiq" {speed, rPois rN+ Str+2}
   (You found it on level 4 of the Dungeon)

   Attacks with this weapon are significantly faster.
   Str:       It affects your strength (+2).
   rPois:     It protects you from poison.
   rN:        It protects you from negative energy.
 f - a +1 hand crossbow
 g - a +0 short sword
 k - a +0 dire flail
 l - a +1 dagger of draining
 p - a +1 dagger of freezing
 r - a +0 war axe
Missiles
 d - 61 bolts
 u - 24 sling bullets
 v - 114 stones (quivered)
 w - 9 poisoned darts
Armour
 e - a +2 pair of gloves (worn)
 h - a +0 cloak (worn)
 q - a +0 scale mail (worn)
 s - a +0 ring mail
Magical Staves
 i - a staff of poison
Jewellery
 m - a +4 ring of protection (left hand)
Potions
 o - 2 potions of brilliance


   Skills:
 - Level 3.4 Fighting
 - Level 4.4 Slings
 + Level 5.8 Crossbows
 - Level 3.2 Dodging
 - Level 1.9 Stealth
 - Level 3.1 Spellcasting


You had 11 spell levels left.
You knew the following spells:

 Your Spells              Type           Power      Damage    Failure   Level
a - Slow                  Hex            4%         N/A       82%         1

Your spell library contained the following spells:

 Spells                   Type           Power      Damage    Failure   Level
 Sting                    Tmut/Pois      4%         1d3       82%         1
 Blink                    Tloc           2%         N/A       91%         2
 Poisonous Vapours        Pois/Air       2%         N/A       91%         2
 Confusing Touch          Hex            1%         N/A       99%         3
 Stone Arrow              Conj/Erth      2%         3d7       99%         3
 Vampiric Draining        Necr           1%         2d6       99%         3
 Animate Armour           Summ/Erth      2%         N/A       100%        4
 Olgreb's Toxic Radiance  Pois           1%         N/A       100%        4
 Manifold Assault         Tloc           1%         N/A       100%        5
 Summon Forest            Summ/Tloc      0%         N/A       100%        5
 Summon Mana Viper        Hex/Summ       1%         N/A       100%        5
 Summon Cactus Giant      Summ           0%         N/A       100%        6
 Storm Form               Tmut/Air       0%         N/A       100%        7
 Lehudib's Crystal Spear  Conj/Erth      0%         10d2      100%        8


Dungeon Overview and Level Annotations

Branches:
Dungeon (5/15)             Temple (1/1) D:4

Altars:
Ashenzari
Cheibriados
Dithmenos
Elyvilon
Fedhas
Gozag
Hepliaklqana
Makhleb
Nemelex Xobeh
Qazlal
Sif Muna
Trog
Uskayaw
Vehumet
Wu Jian
Xom
Zin
The Shining One

Shops:
D:2 (


Innate Abilities, Weirdness & Mutations

You have a pair of horns on your head.
You reflexively headbutt those who attack you in melee.
You have large cloven feet.
You passively map a small area around you.
You expend magic power (3 MP) to strengthen your wands.


Message History

The gnoll hits you from afar with a +0 spear!
You hit the gnoll. You freeze the gnoll. You kick the gnoll, but do no damage.
The gnoll is heavily wounded.
The gnoll barely misses you. You furiously retaliate!
You headbutt the gnoll, but do no damage.
The gnoll sergeant hits you from afar with a +0 trident.
The gnoll hits you from afar with a +0 spear.
You barely miss the gnoll. You kick the gnoll. Your headbutt misses the gnoll.
The gnoll is almost dead.
The gnoll misses you.
The gnoll sergeant hits you from afar with a +0 trident.
The gnoll closely misses you.
You barely miss the gnoll.
The gnoll is almost dead.
The gnoll hits you but does no damage.
The gnoll sergeant hits you from afar with a +0 trident!
The gnoll closely misses you.
You hit the gnoll. You freeze the gnoll.
You kill the gnoll!
The gnoll sergeant hits you from afar with a +0 trident.
The gnoll hits you from afar with a +0 spear.
* * * LOW HITPOINT WARNING * * *
The gnoll sergeant hits you from afar with a +0 trident.
* * * LOW HITPOINT WARNING * * *
As you read the scroll labelled HUUFYCKEGAF, it crumbles to dust.
Magic quickly surges around you.
It was a scroll of vulnerability.
The gnoll sergeant hits you from afar with a +0 trident.
* * * LOW HITPOINT WARNING * * *
The gnoll throws a throwing net.
The throwing net hits you.
You become entangled in the net!
Okay, then.
Okay, then.
As you read the scroll of teleportation, it crumbles to dust.
You feel strangely unstable.
The gnoll sergeant completely misses you.
You struggle against the net.
The gnoll sergeant hits you but does no damage.
You struggle against the net.
The gnoll sergeant hits you from afar with a +0 trident!
You die...

.........##.#
.........+#.#
.........##.#####
................#
.........######.##
.........######..#
.......≈≈≈≈≈≈≈≈≈.#
.......≈##≈≈≈##≈.#
.......≈#######≈@#
#######≈≈#...#≈≈.#
#≈≈#?..gg..#
#≈≈#...#≈≈##
#≈####*##≈# ≈# ≈
#≈# ≈ ≈ ≈≈≈# **
*###


You could see a gnoll sergeant (weak-willed) and a gnoll (weak-willed).

Vanquished Creatures
  2 orc warriors (D:4)
  An ice beast (D:4)
  A sky beast (D:5)
  A centaur zombie (D:5)
  2 hounds (D:5)
  An orc priest (D:4)
  Terence (D:2)
  Natasha (D:3)
  An orc wizard (D:4)
  Robin (D:2)
  3 gnolls (D:5)
  4 adders
  An ufetubus (D:4)
  2 worms
  8 orcs
  5 endoplasms
  3 giant cockroaches
  11 goblins
  3 hobgoblins
  6 kobolds
  6 quokkas
  2 ball pythons
  6 bats
  3 rats (D:1)
75 creatures vanquished.

Notes
Turn   | Place    | Note
-------+----------+-------------------------------------------
     0 | D:1      | croobank the Minotaur Hunter began the quest for the Orb.
     0 | D:1      | Reached XP level 1. HP: 18/18 MP: 0/0
    28 | D:1      | Reached skill level 1 in Stealth
   182 | D:1      | Upgraded the game from 0.28-a0-1184-g53156a8862 to
                  | 0.28-a0-1190-g77e1c55843
   323 | D:1      | Reached XP level 2. HP: 24/25 MP: 1/1
   779 | D:2      | Found a faded altar of an unknown god.
   792 | D:2      | Found Ungyky's Weapon Shop.
  1079 | D:2      | Reached XP level 3. HP: 26/31 MP: 2/2
  1366 | D:2      | Bought 24 bolts for 48 gold pieces
  1509 | D:2      | Noticed Robin
  1525 | D:2      | Killed Robin
  1674 | D:2      | Noticed Terence
  1681 | D:2      | Killed Terence
  1682 | D:2      | Reached XP level 4. HP: 28/38 MP: 3/3
  2536 | D:3      | Noticed Natasha
  2550 | D:3      | Killed Natasha
  2551 | D:3      | Reached skill level 1 in Spellcasting
  2553 | D:3      | Learned a level 1 spell: Slow
  2671 | D:4      | Reached XP level 5. HP: 42/45 MP: 5/5
  2725 | D:4      | Gained mutation: You passively map a small area around you.
                  | [potion of mutation]
  2725 | D:4      | Gained mutation: You have large cloven feet. [potion of
                  | mutation]
  2725 | D:4      | Gained mutation: You expend magic power (3 MP) to
                  | strengthen your wands. [potion of mutation]
  2753 | D:4      | Noticed an orc warrior
  2772 | D:4      | Killed an orc warrior
  2931 | D:4      | Found a staircase to the Ecumenical Temple.
  2931 | D:4      | Noticed an ice beast
  2937 | D:4      | Killed an ice beast
  2938 | D:4      | Reached XP level 6. HP: 51/51 MP: 5/9
  2974 | Temple   | Entered the Ecumenical Temple
  3175 | D:4      | Identified the +5 hunting sling "Gegyrirghiq" {speed, rPois
                  | rN+ Str+2}
  3561 | D:4      | Reached skill level 1 in Slings
  3563 | D:4      | Noticed an orc warrior
  3707 | D:4      | Killed an orc warrior
  4436 | D:5      | Entered Level 5 of the Dungeon
  4450 | D:5      | Noticed a sky beast
  4455 | D:5      | Reached XP level 7. HP: 56/57 MP: 10/10
  5014 | D:5      | Identified the +12 arbalest of the Nine Lives {elec, rPois
                  | Dex-3 Stlth+}
  5077 | D:5      | Reached skill level 5 in Crossbows
  5141 | D:5      | Slain by a gnoll sergeant

Illustrated notes

Levels and vault maps discovered:
D:1:      psy_arrival_conway, layout_rooms
D:2:      layout_loops_cross, dreamdust_ecumenical_altar_statues, serial_shops,
          shop, corexii_corridor_pit, uniq_robin, uniq_terence
D:3:      layout_loops_ring, roderic_serpentine_path, uniq_natasha
D:4:      layout_loops_ring, minmay_temple_entry_hall, kennysheep_generic_room_5
D:5:      layout_basic, serial_curves, eino_curves_04, eino_curves_03,
          lightli_minifort
Temple:   regret_index_temple_mists

Skill      XL: |  1  2  3  4  5  6  7 |
---------------+----------------------+-----
Stealth        | 1 |  1.9
Fighting       | 3 |  3.4
Dodging        | 3 |  3.2
Spellcasting   | 1 3 |  3.1
Slings         | 3 4 |  4.4
Crossbows      | 5 |  5.8

Action                   |  1- 3 |  4- 6 |  7- 9 || total
-------------------------+-------+-------+-------++-------
Melee: Whip              |    53 |    67 |    51 ||   171
       Headbutt          |     6 |    10 |     8 ||    24
       Kick              |       |     9 |    16 ||    25
 Fire: Hand crossbow     |    29 |    15 |     6 ||    50
       Hunting sling     |       |    23 |     3 ||    26
Throw: Stone             |       |     5 |       ||     5
 Cast: Slow              |       |     1 |       ||     1
  Use: Scroll            |       |     6 |     7 ||    13
       Potion            |       |     5 |     2 ||     7
 Stab: Sleeping          |     2 |     2 |       ||     4
Armor: Leather armour    |    19 |    13 |       ||    32
       Ring mail         |       |    12 |    14 ||    26
       Scale mail        |       |       |    23 ||    23
Dodge: Dodged            |    45 |    43 |    36 ||   124

Table legend: (Time is in decaauts)
 A = Elapsed time spent in this place.
 B = Non-inter-level travel time spent in this place.
 C = Inter-level travel time spent in this place.
 D = Time resting spent in this place.
 E = Time spent auto-exploring this place.
 F = Levels seen in this place.
 G = Mean time per level.
                   A        B        C        D        E       F      G
               +--------+--------+--------+--------+--------+-----+--------+
         Total |   5213 |   4679 |    534 |    759 |   2746 |   6 |  868.8 |
       Dungeon |   4990 |   4485 |    505 |    759 |   2574 |   5 |  998.0 |
        Temple |    223 |    194 |     29 |      0 |    171 |   1 |  223.0 |
               +--------+--------+--------+--------+--------+-----+--------+

Top non-repeatable levels by time:
     D:2: 1314 daAuts
     D:3: 1187 daAuts
     D:4: 934 daAuts
     D:1: 846 daAuts
     D:5: 708 daAuts
  Temple: 223 daAuts
